 Dungeon Crawl Stone Soup version 0.17-a0-1534-gf98da79 (webtiles) character file.

63 mrath the Digger (level 4, -5/24 HPs)
             Began as a Gargoyle Earth Elementalist on July 17, 2015.
             Was an Initiate of Vehumet.
             Slain by an orc
             ... wielding a +0 flail
              (10 damage)
             ... on level 3 of the Dungeon.
             The game lasted 00:21:50 (3017 turns).

mrath the Digger (Gargoyle Earth Elementalist)      Turns: 3017, Time: 00:21:50

Health: -5/24      AC:  5    Str: 11    XL:     4   Next: 9%
Magic:  7/9        EV: 12    Int: 17    God:    Vehumet [......]
Gold:   173        SH:  0    Dex: 10    Spells: 3 memorised, 3 levels left

rFire  . . .     SeeInvis .     s - -3 short sword (curse)
rCold  . . .     Clarity  +     b - +0 robe
rNeg   + . .     SustAt   .     (no shield)
rPois  ∞         Gourm    .     (no helmet)
rElec  +         Spirit   .     (no cloak)
rCorr  .         Warding  .     (no gloves)
rMut   .         Stasis   .     (no boots)
MR     .....                    f - amulet of clarity
Stlth  +++.......               (no ring)
                                g - ring of stealth

@: not resistant to hostile enchantments, fairly stealthy
A: negative energy resistance 1, electricity resistance, unbreathing,
petrification resistance, rot immunity, AC +3
a: Renounce Religion


You were on level 3 of the Dungeon.
You worshipped Vehumet.
Vehumet was noncommittal.
You were not hungry.

You visited 1 branch of the dungeon, and saw 3 of its levels.

You collected 173 gold pieces.

Inventory:

Hand weapons
 i - a +0 hand axe
 o - a cursed -1 club
 p - a +0 hunting sling
 s - a cursed -3 short sword (weapon)
Missiles
 a - 98 stones (quivered)
 j - 13 arrows
 l - 20 poisoned needles
Armour
 b - a +0 robe (worn)
Jewellery
 e - an uncursed ring of poison resistance
 f - an amulet of clarity (around neck)
 g - a ring of stealth (left hand)
 q - an uncursed ring of protection from magic {unknown}
Scrolls
 k - a scroll of fear
Potions
 m - 3 potions of curing {unknown}
Books
 c - a book of Geomancy

   Spells                             Type                      Level
   a - Sandblast                      Earth                        1
   b - Stoneskin                      Transmutation/Earth          2
   c - Passwall                       Transmutation/Earth          3
   d - Stone Arrow                    Conjuration/Earth            3
   e - Petrify                        Transmutation/Earth          4
   f - Lee's Rapid Deconstruction     Earth                        5
Comestibles
 d - a bread ration
 h - a meat ration
 n - 2 chunks of flesh
 t - a beef jerky


   Skills:
 - Level 1.5 Dodging
 - Level 2.1 Stealth
 * Level 3.3 Spellcasting
 - Level 0.7 Transmutations
 + Level 4.5 Earth Magic


You had 3 spell levels left.
You knew the following spells:

 Your Spells              Type           Power        Failure   Level  Hunger
a - Sandblast             Erth           ###...       2%          1    None
b - Stoneskin             Trmt/Erth      ##......     12%         2    ##.....
c - Stone Arrow           Conj/Erth      ##....       21%         3    ###....


Dungeon Overview and Level Annotations

Branches:
Dungeon (3/15)

Altars:
Fedhas
Makhleb
Vehumet


Innate Abilities, Weirdness & Mutations

You are resistant to torment.
Your stone body is resilient (AC +3).
You are immune to poison.
You resist negative energy.
You are resistant to electric shocks.
You can survive without breathing.
You are immune to petrification.
You are immune to rotting.


Message History

Aiming: Sandblast
Press: ? - help, Shift-Dir - straight line, f/p - orc
Aim: an orc, wielding a flail and wearing a leather armour The blast of sand hits the orc.
The orc is heavily wounded.
The orc closely misses you.
The orc wizard casts a spell.
The orc wizard blinks!
The orc wizard casts a spell.
The orc wizard blinks!
The orc misses you.
The orc wizard gestures wildly while chanting.
The orc wizard seems to speed up.
You feel yourself speed up. The orc completely misses you.
The orc wizard gestures wildly while chanting.
The orc wizard blinks!
The orc wizard mumbles some strange words.
The orc wizard blinks!
The orc hits you with a flail!
You die...

############
#..o@......!
#.##########
#.# #.# #§#
#o# #o# #.#
##'######


You could see an orc.

Vanquished Creatures
  An adder (D:2)
  An ooze (D:1)
  2 worms (D:2)
  3 giant geckos
  5 giant cockroaches
  4 goblins
  4 hobgoblins
  5 kobolds
  A quokka (D:2)
  7 bats
  3 giant newts
  3 rats
39 creatures vanquished.

Notes
Turn   | Place    | Note
--------------------------------------------------------------
     0 | D:1      | mrath the Gargoyle Earth Elementalist began the quest for the Orb.
     0 | D:1      | Reached XP level 1. HP: 10/10 MP: 3/3
   294 | D:1      | Reached skill level 4 in Earth Magic
   294 | D:1      | Reached XP level 2. HP: 12/15 MP: 0/5
  1458 | D:2      | Reached XP level 3. HP: 19/19 MP: 2/7
  1567 | D:2      | Found a blossoming altar of Fedhas.
  1572 | D:2      | Found a radiant altar of Vehumet.
  1575 | D:2      | Found a burning altar of Makhleb.
  1585 | D:2      | Became a worshipper of Vehumet
  2066 | D:2      | Learned a level 2 spell: Stoneskin
  2070 | D:2      | Learned a level 3 spell: Stone Arrow
  2763 | D:3      | Reached XP level 4. HP: 24/24 MP: 6/8
  3017 | D:3      | Slain by an orc

Vault maps used:
D:1:      nagdon_arrival_zigzag_paths
D:2:      grunt_temple_overflow_open, serial_forest,
          infiniplex_forest_clump_curved, infiniplex_forest_clump_small,
          infiniplex_forest_straight_2, infiniplex_forest_zigzag_2,
          infiniplex_forest_end_1, infiniplex_forest_lined_ring,
          infiniplex_forest_clump_curved
D:3:      minmay_misc_feat_secret_circle, lemuel_altar_in_water2

Action                   |  1- 3 |  4- 6 || total
-------------------------+-------+-------++-------
Melee: Unarmed           |     7 |       ||     7
       Hand axe          |    24 |       ||    24
       Short sword       |    26 |     3 ||    29
 Cast: Sandblast         |    45 |    11 ||    56
  Use: Scroll            |     6 |     1 ||     7
 Stab: Sleeping          |     1 |       ||     1
  Eat: Chunk             |     3 |     1 ||     4
       Beef jerky        |     1 |       ||     1
       Pizza             |     1 |       ||     1
